 Dungeon Crawl Stone Soup version 0.21-a0-369-g397cdb2 (webtiles) character file.

298 Hasart the Stinger (level 6, -9/36 HPs)
             Began as an Octopode Venom Mage on Oct 15, 2017.
             Was an Initiate of Gozag.
             Mangled by Monsterracer's ghost (10 damage)
             ... on level 3 of the Dungeon.
             The game lasted 00:09:01 (3370 turns).

Hasart the Stinger (Octopode Venom Mage)            Turns: 3370, Time: 00:09:01

Health: -9/36      AC:  1    Str:  4 (7)  XL:     6   Next: 36%
Magic:  11/11      EV: 12    Int: 18 (20) God:    Gozag
Gold:   135        SH:  0    Dex:  9 (12) Spells: 5/11 levels left

rFire    . . .     SeeInvis .   q - +3 falchion (protect)
rCold    . . .     Gourm    .   (no shield)
rNeg     . . .     Faith    .   (helmet restricted)
rPois    .         Spirit   .   (no amulet)
rElec    .         Reflect  .   s - ring of stealth
rCorr    .         Harm     .   (no ring)
MR       .....                  (no ring)
Stlth    +++.......             (no ring)
HPRegen  0.12/turn              (no ring)
MPRegen  0.12/turn              (no ring)
                                (no ring)
                                (no ring)

@: hasted, heavily drained, very quick
A: almost no armour, stealthy swim, amphibious, 8 rings, constrict 8, camouflage
1, gelatinous body 1
a: Potion Petition, Call Merchant, Bribe Branch, Renounce Religion


You were on level 3 of the Dungeon.
You worshipped Gozag.
Gozag was aware of your devotion.
You were not hungry.

You visited 2 branches of the dungeon, and saw 6 of its levels.

You collected 176 gold pieces.
You paid 41 gold pieces to Gozag.

Inventory:

Hand Weapons
 q - a +3 falchion of protection (weapon)
Jewellery
 s - a ring of stealth (left tentacle)
Scrolls
 c - 2 scrolls of remove curse {unknown}
 d - 4 scrolls of identify {unknown}
 f - 2 scrolls of enchant armour {unknown}
 h - 2 scrolls of blinking {unknown}
 i - 3 scrolls of teleportation {unknown}
 l - 3 scrolls of amnesia {unknown}
 m - a scroll of magic mapping {unknown}
 n - 2 scrolls of fog {unknown}
 o - a scroll of random uselessness {unknown}
 p - a scroll of fear {unknown}
Potions
 e - 5 potions of curing {unknown}
 k - a potion of heal wounds {unknown}
 r - a potion of agility {unknown}
Books
 a - a Young Poisoner's Handbook

   Spells                             Type                      Level
   a - Sting                          Conjuration/Poison           1
   b - Poisonous Vapours              Poison/Air                   2
   c - Mephitic Cloud                 Conjuration/Poison/Air       3
   d - Olgreb's Toxic Radiance        Poison                       4
   e - Venom Bolt                     Conjuration/Poison           5


   Skills:
 - Level 2.0(0.7) Dodging
 - Level 2.6(1.4) Stealth
 + Level 3.3(2.0) Spellcasting
 + Level 3.1(1.8) Conjurations
 * Level 6.4(5.0) Poison Magic


You had 5 spell levels left.
You knew the following spells:

 Your Spells              Type           Power        Failure   Level  Hunger
a - Sting                 Conj/Pois      ##..         4%          1    #......
b - Poisonous Vapours     Pois/Air       ##....       10%         2    ###....
c - Mephitic Cloud        Conj/Pois/Air  ##......     22%         3    ###....


Dungeon Overview and Level Annotations

Branches:
Dungeon (5/15)             Temple (1/1) D:4

Altars:
Cheibriados
Gozag
Hepliaklqana
Okawaru
Trog
Vehumet
Wu Jian
Zin
The Shining One

Annotations:
D:3 Monsterracer's ghost, amateur HOBe
D:4 exclusion: statue
D:5 p0werm0de's ghost, amateur OpCj


Innate Abilities, Weirdness & Mutations

You cannot wear most types of armour.
You are very stealthy in the water. (Stealth+)
You are amphibious.
You can wear up to eight rings at the same time.
You can use your tentacles to constrict eight enemies at once.
Your skin changes colour to match your surroundings (Stealth+).
Your rubbery body absorbs attacks. (AC +1, EV +1)


Message History

Your squeeze misses Monsterracer's ghost.
Monsterracer's ghost is lightly damaged.
Monsterracer's ghost hits you.
You barely miss Monsterracer's ghost.
Monsterracer's ghost is lightly damaged.
Monsterracer's ghost hits you but does no damage.
Okay, then.
It was a potion of degeneration.
There was something very wrong with that liquid.
You feel weakened.
You feel dopey.
You feel clumsy. Monsterracer's ghost hits you! The adder bites you.
It was a potion of haste.
You feel yourself speed up. Monsterracer's ghost hits you!
* * * LOW HITPOINT WARNING * * *
The adder bites you.
* * * LOW HITPOINT WARNING * * *
Unknown command.
Monsterracer's ghost hits you!
You die...
Your body crumbles into a pile of gold.

#.####.##.###...#.).).#
......###................#
..####.###........###....#
..# ##.#.##.##....#......
.)# ##.###.###........##
..######## #.# #.###.>###
.......... ..# #.# #..#
..######## ### #W# #..# #.#
#@# #..######## ..# #S#
#.....<.... ..# #.#
#.######### ..# #.# #S# ..#
######.# #.#######
..#########......###........
....................S.......
############################


You could see Monsterracer's ghost and an adder.

Vanquished Creatures
  A howler monkey (D:4)
  An orc priest (D:4)
  An orc wizard (D:5)
  An iguana (D:5)
  A worker ant (D:4)
  5 adders
  An ooze (D:2)
  2 worms
  A leopard gecko (D:2)
  8 orcs
  A ball python (D:1)
  8 bats
  2 giant cockroaches (D:1)
  11 goblins
  12 hobgoblins
  15 jackals
  5 frilled lizards
  6 kobolds
  5 rats
87 creatures vanquished.

Notes
Turn   | Place    | Note
-------+----------+-------------------------------------------
     0 | D:1      | Hasart the Octopode Venom Mage began the quest for the Orb.
     0 | D:1      | Reached XP level 1. HP: 11/11 MP: 3/3
   275 | D:1      | Reached XP level 2. HP: 17/17 MP: 3/5
   284 | D:1      | Reached skill level 4 in Poison Magic
   303 | D:1      | Learned a level 2 spell: Poisonous Vapours
   924 | D:1      | Reached XP level 3. HP: 17/21 MP: 0/6
  1517 | D:2      | Learned a level 3 spell: Mephitic Cloud
  1590 | D:2      | Reached XP level 4. HP: 4/27 MP: 1/7
  1605 | D:2      | HP: 1/27 [poisoned by an adder]
  1905 | D:2      | Reached skill level 5 in Poison Magic
  2037 | D:2      | Found a bloodstained altar of Trog.
  2037 | D:2      | Found a glowing golden altar of the Shining One.
  2200 | D:2      | Found a hazy altar of Hepliaklqana.
  2322 | D:3      | Found an iron altar of Okawaru.
  2404 | D:3      | Noticed Monsterracer's ghost (amateur HOBe)
  2524 | D:4      | Found a radiant altar of Vehumet.
  2524 | D:4      | Noticed a frost-covered statue
  2553 | D:4      | Reached XP level 5. HP: 31/31 MP: 9/9
  2750 | D:4      | Reached skill level 6 in Poison Magic
  2838 | D:4      | Found a staircase to the Ecumenical Temple.
  2849 | Temple   | Entered the Ecumenical Temple
  2855 | Temple   | Became a worshipper of Gozag Ym Sagoz the Greedy
  2978 | D:4      | Reached XP level 6. HP: 31/36 MP: 7/10
  3205 | D:5      | Entered Level 5 of the Dungeon
  3251 | D:5      | Noticed p0werm0de's ghost (amateur OpCj)
  3369 | D:3      | HP: 1/36 [adder (2)]
  3370 | D:3      | Mangled by Monsterracer's ghost

Vault maps used:
D:1:      dpeg_arrival_arbitrary_c, grunt_decor_arrowhead
D:2:      lemuel_doored_altar, gammafunk_temple_overflow_statue
D:3:      nicolae_ashenzari_panopticon, first_bread, corexii_shack,
          okawaru_ov_weapons_minmay
D:4:      vehumet_statue, minmay_temple_entry_glassed_door
D:5:      nicolae_alphabet_shops, uniq_duvessa
Temple:   eino_temple_rhombus

Skill      XL: |  1  2  3  4  5  6 |
---------------+-------------------+-----
Poison Magic   | 4 5 6 |  6.4
Conjurations   | 2 3 |  3.1
Spellcasting   | 3 |  3.3
Dodging        | |  2.0
Stealth        | |  2.6

Action                   |  1- 3 |  4- 6 || total
-------------------------+-------+-------++-------
Melee: Unarmed           |    40 |       ||    40
       Constrict         |    29 |    16 ||    45
       Tentacles         |    14 |    10 ||    24
       Short sword       |    57 |    29 ||    86
       Falchion          |       |    38 ||    38
 Cast: Sting             |    19 |     3 ||    22
       Poisonous Vapours |    11 |    18 ||    29
  Use: Potion            |       |     2 ||     2
 Stab: Sleeping          |     6 |     4 ||    10
       Distracted        |       |     1 ||     1
  Eat: Chunk             |     3 |     5 ||     8
       Bread ration      |       |     1 ||     1
Armor: Skin              |    13 |     9 ||    22
Dodge: Dodged            |    98 |    40 ||   138
       Rpst.: Falchion   |       |     6 ||     6

Table legend:
 A = Spawn XP
 B = Non-spawn XP
 C = Spawn XP percentage of total XP
 D = Spawn monster count
 E = Non-spawn monster count
 F = Spawn count percentage of total count
 G = Total turns spent on level
                    A         B        C        D         E        F      G
               +---------+---------+-------+---------+---------+-------+---------
         Total |       0 |     427 |   0.0 |       0 |      87 |   0.0 |  3370
               +---------+---------+-------+---------+---------+-------+---------
           D:1 |       0 |      48 |   0.0 |       0 |      29 |   0.0 |  1594
           D:2 |       0 |      81 |   0.0 |       0 |      35 |   0.0 |   704
           D:3 |       0 |       6 |   0.0 |       0 |       3 |   0.0 |   130
           D:4 |       0 |     202 |   0.0 |       0 |      13 |   0.0 |   866
           D:5 |       0 |      90 |   0.0 |       0 |       7 |   0.0 |    63
               +---------+---------+-------+---------+---------+-------+---------
